 Dungeon Crawl Stone Soup version 0.30-a0-964-gd452b5e7fa (webtiles) character file.

Game seed: 9666876897933845555

39883 OrthodoxDeviant the Warrior (level 14, -6/123 HPs)
             Began as a Barachi Fighter on Mar 29, 2023.
             Was the Champion of Cheibriados.
             Killed from afar by a wretched star (18 damage)
             ... with a lance of force
             ... on level 2 of the Abyss on Mar 30, 2023.
             The game lasted 02:04:40 (22427 turns).

OrthodoxDeviant the Warrior (Barachi Fighter)      Turns: 22427, Time: 02:04:41

Health: -6/123     AC: 16    Str: 32    XL:     14   Next: 8%
Magic:  19/19      EV: 10    Int: 23    God:    Cheibriados [******]
Gold:   792        SH: 14    Dex: 34    Spells: 6/13 levels left

rFire   . . .      SeeInvis +    T - +2 falchion (freeze)
rCold   . . .      Faith    .    c - +0 buckler
rNeg    . . .      Spirit   .    g - +0 acid dragon scales
rPois   .          Reflect  +    E - +0 helmet {SInv}
rElec   .          Rampage  .    K - +0 cloak
rCorr   +                        S - +1 pair of gloves {Str+3}
Will    ++...                    J - +1 pair of boots {Fly}
Stlth   +                        t - amulet of reflection
HPRegen 0.40/turn                y - +6 ring of dexterity
MPRegen 0.16/turn                V - ring of willpower

@: silenced, flying, unable to drink, very slow
A: amphibious, slowness 1, strong legs 2, +LOS, screaming 1, [clumsy 2],
([teleportitis 2]), [weak 2], [inability to drink after injury 2]
a: Hop, Renounce Religion


You were on level 2 of the Abyss.
You worshipped Cheibriados.
Cheibriados was exalted by your worship.
You visited 4 branches of the dungeon, and saw 20 of its levels.
You visited the Abyss 1 time.
You also visited: Sewer and Bailey.

You collected 2100 gold pieces.
You spent 1308 gold pieces at shops.

Inventory:

Hand Weapons
 T - a +2 falchion of freezing (weapon)
 Z - a +1 falchion of electrocution
Missiles
 a - 31 boomerangs (quivered)
 R - 5 atropa-tipped darts
 U - a throwing net
Armour
 b - +0 steam dragon scales
 c - a +0 buckler (worn)
 f - the +2 leather armour of the Fae Grue {rElec rPois Regen+}
   (You found it on level 14 of the Dungeon)

   rElec:     It insulates you from electricity.
   rPois:     It protects you from poison.
   Regen:     It increases your rate of health regeneration.
 g - +0 acid dragon scales (worn)
 u - a +0 chain mail
 v - a +1 robe of fire resistance
 E - a +0 helmet of see invisible (worn)
 J - a +1 pair of boots of flying (worn)
 K - a +0 cloak (worn)
 S - a +1 pair of gloves of strength (worn)
 Y - the +4 ring mail of Sunlight {-Tele rF+++ Slay+2}
   (You bought it in a shop on level 5 of the Dungeon)

   Slay:      It affects your accuracy & damage with ranged weapons and melee
   (+2).
   rF:        It renders you almost immune to fire.
   -Tele:     It prevents most forms of teleportation.
Magical Staves
 A - a staff of death
Jewellery
 l - a ring of see invisible
 o - a ring of poison resistance
 t - an amulet of reflection (around neck)
 y - a +6 ring of dexterity (left hand)
 V - a ring of willpower (right hand)
Wands
 p - a wand of iceblast (3)
 B - a wand of digging (1)
 C - a wand of polymorph (14)
 W - a wand of quicksilver (3)
 X - a wand of charming (16)
Scrolls
 e - 2 scrolls of brand weapon
 i - 4 scrolls of fog
 j - 6 scrolls of enchant weapon
 n - 10 scrolls of teleportation
 s - a scroll of blinking
 w - 2 scrolls of enchant armour
 z - a scroll of silence
 F - a scroll of fear
 G - a scroll of amnesia
 M - 3 scrolls of butterflies
 P - a scroll of magic mapping
Potions
 d - 2 potions of might
 h - 2 potions of curing
 k - 4 potions of attraction
 m - 2 potions of invisibility
 q - a potion of resistance
 r - a potion of ambrosia
 x - 3 potions of brilliance
 D - 2 potions of mutation
 I - 12 potions of flight
 L - 6 potions of lignification
 N - a potion of magic {unknown}
 O - a potion of berserk rage {unknown}
 Q - a potion of cancellation {unknown}


   Skills:
 * Level 15.1 Fighting
 * Level 15.0 Long Blades
 + Level 7.0 Throwing
 - Level 10.4 Armour
 - Level 10.1 Shields
 - Level 3.6 Transmutations
 + Level 7.7 Invocations


You had 6 spell levels left.
You knew the following spells:

 Your Spells              Type           Power      Damage    Failure   Level
a - Wereblood             Tmut           16%        N/A       8%          2
b - Silence               Hex/Air        0%         N/A       99%         5

Your spell library contained the following spells:

 Spells                   Type           Power      Damage    Failure   Level
 Beastly Appendage        Tmut           32%        N/A       4%          1
 Shock                    Conj/Air       0%         1d3       22%         1
 Spider Form              Tmut/Pois      8%         N/A       30%         3
 Cigotuvi's Dreadful Rot  Necr/Pois/Air  0%         N/A       32%         2
 Scorch                   Fire           0%         2d5       32%         2
 Dazzling Flash           Conj/Hex       0%         N/A       54%         3
 Frozen Ramparts          Ice            0%         1d1       54%         3
 Swiftness                Air            0%         N/A       54%         3
 Ice Form                 Ice/Tmut       8%         N/A       71%         4
 Airstrike                Air            0%         2d(0-16)  91%         4
 Dispel Undead            Necr           0%         3d6       91%         4
 Flame Wave               Conj/Fire      0%         2d4       91%         4
 Summon Ice Beast         Ice/Summ       0%         N/A       91%         4
 Summon Lightning Spire   Summ/Air       0%         N/A       91%         4
 Agony                    Necr           0%         N/A       99%         5
 Iskenderun's Battlesphe  Conj           0%         2d6       99%         5
 Death Channel            Necr           0%         N/A       100%        6
 Iron Shot                Conj/Erth      0%         9d1       100%        6
 Summon Cactus Giant      Summ           0%         N/A       100%        6
 Spellforged Servitor     Conj/Summ      0%         N/A       100%        7
 Storm Form               Tmut/Air       4%         N/A       100%        7
 Maxwell's Capacitive Co  Air            0%         ∞         100%        8


Dungeon Overview and Level Annotations

Branches:
Dungeon (14/15)            Temple (1/1) D:6            Lair (3/5) D:11
 Spider (0/4) Lair:2          Orc (2/2) D:9           Sewer (visited)
 Bailey (visited)
  Swamp: Lair:2-3    Shoals: Lair:2-3       Elf: Orc:2       Vaults: D:13-14

Altars:
Ashenzari
Cheibriados
Dithmenos
Elyvilon
Fedhas
Gozag
Hepliaklqana
Kikubaaqudgha
Makhleb
Nemelex Xobeh
Okawaru
Qazlal
Ru
Sif Muna
Trog
Uskayaw
Vehumet
Wu Jian
Xom
Yredelemnul
Zin
The Shining One

Shops:
D:5 !*:*   D:7 :=   D:9 (   D:12 [   D:13 *

Portals:
Trove: D:10 (give +7 demon whip)

Annotations:
D:9 Maurice
D:13 Nessos
Lair:1 2 transporters, cforsyth's ghost, journeyman FoFi


Innate Abilities, Weirdness & Mutations

You are amphibious.
You cover ground slowly.
You can hop long distances.
You have an extended range of vision and can be seen from far away.
You occasionally shout uncontrollably at your foes.
[You are very clumsy. (Dex -4)]
[((You are often teleported next to monsters.))]
[You are very weak. (Str -4)]
[You sometimes lose the ability to drink potions when taking damage.]


Message History

You are knocked back by the lance of force.
You slam into the rock wall!
* * * LOW HITPOINT WARNING * * *
The wretched star pulses with an eldritch light!
You occasionally lose the ability to drink potions when taking damage.
You lose the ability to drink potions when taking damage more often.
You slash the wretched star! You freeze the wretched star.
You destroy the wretched star!
Cheibriados thoroughly appreciates the change of pace.
Your Long Blades skill increases to level 15!
Hop to where?
Press: ? - help, Dir - move target
Okay, then.
You feel better.
The wretched star glows turbulently.
The lance of force hits you.
* * * LOW HITPOINT WARNING * * *
You are knocked back by the lance of force.
You slam into the rock wall!
You feel threatened and lose the ability to drink potions!
* * * LOW HITPOINT WARNING * * *
Okay, then.
As you read the scroll of silence, it crumbles to dust.
A profound silence engulfs you.
The wretched star pulses with an eldritch light!
You feel clumsy. x2; You feel weaker. x2
You cannot drink potions in your current state!
Magic scrolls do not work when you're silenced!
Aiming: Charm
Press: ? - help, Shift-Dir - straight line, f - wretched star
Aim: a wretched star (silenced, unaffected by silence, infinite will)
Okay, then.
Aiming: Quicksilver Bolt
Press: ? - help, Shift-Dir - straight line, f - wretched star
Aim: a wretched star (silenced, unaffected by silence, 71% to hit)
The bolt of dispelling energy hits the wretched star.
The wretched star is lightly damaged.
The wretched star glows turbulently.
The lance of force hits you!!
You die...

# # # . #
. .#. #.
### . .
.## # . #
#.. . ##.
# . . ..
.### . #
.. . .#.
. # .## .
#. ## .x
. #.. ##
##.# #.
##...#@##
# ## #
#...#*# #
#####.#
#.## *
..#
#...##
..#... ..
#.#....
.#
#.#.#..##
. #


You could see a wretched star (unsilenced).

Vanquished Creatures
  Snorg (D:13)
  A boulder beetle (D:13)
  A death knight (Abyss:2)
  3 centaur warriors
  2 two-headed ogres
  A thrashing horror (Abyss:2)
  A wretched star (Abyss:2)
  A skeletal warrior (Abyss:2)
  A sixfirhy (Abyss:2)
  An orc knight (D:9)
  3 cyclopes (D:13)
  An ugly thing (D:13)
  5 manticores
  2 black mambas
  3 gargoyles
  6 cane toads
  A rime drake (Lair:2)
  2 kobold demonologists (D:10)
  6 komodo dragons
  4 trolls
  A guardian mummy (D:10)
  Prince Ribbit (Lair:1)
  12 blink frogs
  8 slime creatures
  A culicivora (Lair:2)
  Sigmund (D:3)
  3 vampires
  4 wraiths
  2 wyverns (D:11)
  40 yaks
  4 basilisks
  A steam dragon (D:10)
  5 vampire mosquitoes
  3 wargs (D:9)
  3 acid dragons
  3 ice beasts
  9 water moccasins
  A black bear (D:5)
  15 orc warriors
  6 ogres
  5 wolves (Lair:2)
  15 centaurs
  2 phantoms (D:6)
  3 kobold brigands
  11 bullfrogs
  3 scorpions
  2 small abominations (Abyss:2)
  2 wights
  9 killer bees
  2 electric eels (Lair:3)
  5 howler monkeys
  5 jellies
  4 hounds
  An iron imp (Abyss:2)
  A gnoll bouda (D:8)
  12 orc priests
  6 iguanas
  A sleepcap (D:6)
  19 orc wizards
  21 gnolls
  13 adders
  5 river rats (D:5)
  A white imp (D:5)
  3 ufetubi
  3 worms
  6 dart slugs
  67 orcs
  15 ball pythons
  11 endoplasms
  12 giant cockroaches
  7 hobgoblins
  2 jackals (D:4)
  23 quokkas
  3 training dummies (D:9)
  10 bats
  12 frilled lizards
  11 goblins
  47 kobolds
  30 rats
579 creatures vanquished.

Vanquished Creatures (collateral kills)
  A skyshark (Lair:2)
1 creature vanquished.

Vanquished Creatures (others)
  9 fungi
  20 plants
29 creatures vanquished.

Grand Total: 609 creatures vanquished

Notes
Turn   | Place    | Note
-------+----------+-------------------------------------------
     0 | D:1      | OrthodoxDeviant the Barachi Fighter began the quest for the
                  | Orb.
     0 | D:1      | Reached XP level 1. HP: 18/18 MP: 1/1
    99 | D:1      | Reached XP level 2. HP: 24/25 MP: 2/2
   345 | D:1      | Reached XP level 3. HP: 30/30 MP: 3/3
   892 | D:1      | Reached XP level 4. HP: 26/38 MP: 4/4
  2008 | D:3      | Found a glowing drain.
  2019 | D:3      | Reached XP level 5. HP: 43/43 MP: 5/5
  2029 | Sewer    | Entered a sewer
  2194 | Sewer    | Reached skill level 5 in Fighting
  2456 | Sewer    | Reached XP level 6. HP: 39/51 MP: 6/6
  2522 | D:3      | Reached skill level 5 in Long Blades
  2527 | D:3      | Noticed Sigmund
  2537 | D:3      | Killed Sigmund
  2638 | D:3      | You fall into a shaft and drop 1 floor!
  2640 | D:4      | Found a broken altar of Ashenzari.
  2661 | D:4      | Reached XP level 7. HP: 58/58 MP: 7/7
  2813 | D:4      | Reached skill level 5 in Armour
  2824 | D:4      | Found a large runed translucent door.
  2825 | D:4      | Found a large runed translucent door.
  2830 | D:4      | Found a white marble altar of Elyvilon.
  3017 | D:3      | Found a bloodstained altar of Trog.
  3149 | D:3      | Found a faded altar of an unknown god.
  3957 | D:4      | Found a shimmering altar of Xom.
  4050 | D:5      | Entered Level 5 of the Dungeon
  4050 | D:5      | Found Osiyt's Book Boutique.
  4097 | D:5      | Reached skill level 5 in Shields
  4171 | D:5      | Reached XP level 8. HP: 65/65 MP: 8/8
  4244 | D:5      | Found Laimow's Assorted Antiques.
  4396 | D:5      | Found Ythoed's Assorted Antiques.
  4427 | D:5      | Found a sacrificial altar of Ru.
  5363 | D:5      | Found Poutobut's Distillery.
  5452 | D:6      | Found a sacrificial altar of Ru.
  5627 | D:6      | Found a shimmering blue altar of Sif Muna.
  5689 | D:6      | Reached XP level 9. HP: 72/75 MP: 9/9
  6024 | D:6      | Found a shadowy altar of Dithmenos.
  6182 | D:6      | Found a staircase to the Ecumenical Temple.
  6418 | Temple   | Entered the Ecumenical Temple
  6463 | Temple   | Became a worshipper of Cheibriados the Contemplative
  6585 | D:6      | Found a burning altar of Makhleb.
  6651 | D:6      | Found a hazy altar of Hepliaklqana.
  7019 | D:7      | Found Qeluitir's Book Boutique.
  7105 | D:7      | Found a shimmering altar of Xom.
  7613 | D:7      | Found Qeule's Neck Hole.
  7780 | D:7      | Found Teafytam's Jewellery Shoppe.
  8077 | D:8      | Reached * piety under Cheibriados
  9174 | D:8      | Reached ** piety under Cheibriados
  9295 | D:9      | Reached skill level 10 in Fighting
  9309 | D:9      | Reached skill level 10 in Long Blades
  9321 | D:9      | Reached skill level 1 in Invocations
  9321 | D:9      | Reached XP level 10. HP: 52/85 MP: 10/10
  9463 | D:9      | Found a flagged portal.
  9653 | Bailey   | Entered a bailey
  9720 | Bailey   | Reached *** piety under Cheibriados
  9782 | Bailey   | Learned a level 2 spell: Wereblood
  9788 | Bailey   | Learned a level 5 spell: Silence
  9943 | Bailey   | Reached skill level 1 in Transmutations
 10262 | D:9      | Reached **** piety under Cheibriados
 10274 | D:9      | Noticed Maurice
 10399 | D:9      | Found a staircase to the Orcish Mines.
 10417 | D:9      | Found Kiexeet's Firing Range.
 10942 | D:9      | Maurice changed into Maurice the manticore
 10942 | D:9      | Noticed Maurice
 10944 | D:9      | Maurice the manticore changed into Maurice the swamp dragon
 10944 | D:9      | Noticed Maurice
 10946 | D:9      | Maurice the swamp dragon changed into Maurice the shining
                  | eye
 10946 | D:9      | Noticed Maurice
 10949 | D:9      | Gained mutation: You occasionally shout uncontrollably at
                  | your foes. [Maurice]
 10958 | D:10     | Entered Level 10 of the Dungeon
 10958 | D:10     | Noticed a two-headed ogre
 10989 | D:10     | Found a stormy altar of Qazlal.
 11058 | D:10     | Noticed a centaur warrior
 11067 | D:10     | Killed a centaur warrior
 11386 | D:9      | Bought a throwing net for 39 gold pieces
 11386 | D:9      | Bought 6 javelins for 234 gold pieces
 11476 | D:5      | Bought 2 coppery potions for 39 gold pieces
 11476 | D:5      | Bought a scroll labelled HORCHA VUMIQIAFF for 22 gold
                  | pieces
 11476 | D:5      | Bought a scroll of identify for 44 gold pieces
 11476 | D:5      | Bought a scroll of teleportation for 66 gold pieces
 11500 | D:5      | Bought a scroll of identify for 50 gold pieces
 11500 | D:5      | Bought a short brass wand for 100 gold pieces
 11500 | D:5      | Bought 2 sapphire potions for 45 gold pieces
 11500 | D:5      | Bought an ancient ring mail for 225 gold pieces
 11500 | D:5      | Identified the +4 ring mail of Sunlight {-Tele rF+++
                  | Slay+2} (You bought it in a shop on level 5 of the Dungeon)
 11593 | Orc:1    | Entered Level 1 of the Orcish Mines
 11736 | D:9      | Reached XP level 11. HP: 77/95 MP: 13/13
 12014 | Orc:1    | Noticed an orc knight
 12056 | D:9      | Killed an orc knight
 12314 | Orc:2    | Entered Level 2 of the Orcish Mines
 12327 | Orc:2    | Noticed a two-headed ogre
 12497 | Orc:2    | Noticed a two-headed ogre
 12505 | Orc:2    | Noticed an ogre mage
 12558 | Orc:2    | Noticed a two-headed ogre
 12573 | Orc:1    | Upgraded the game from 0.30-a0-956-gcec3b41aec to
                  | 0.30-a0-964-gd452b5e7fa
 12677 | D:10     | Reached ***** piety under Cheibriados
 12779 | D:10     | Reached skill level 1 in Throwing
 12893 | D:10     | Found a portal to a secret trove of treasure.
 13527 | D:10     | Killed a two-headed ogre
 13709 | D:11     | Noticed a manticore
 13740 | D:11     | Noticed a two-headed ogre
 13762 | D:11     | Noticed a manticore
 14083 | D:11     | Killed a manticore
 14358 | D:11     | Killed a two-headed ogre
 14359 | D:11     | Reached skill level 5 in Invocations
 14542 | D:11     | Killed a manticore
 14543 | D:11     | Reached XP level 12. HP: 63/105 MP: 15/15
 15376 | D:11     | Found a staircase to the Lair.
 15421 | Lair:1   | Entered Level 1 of the Lair of Beasts
 15529 | Lair:1   | Noticed cforsyth's ghost (journeyman FoFi)
 15532 | Lair:1   | Found a transporter.
 16018 | Lair:1   | Noticed Prince Ribbit
 16034 | Lair:1   | Killed Prince Ribbit
 16790 | Lair:1   | Found a transporter.
 17562 | Lair:2   | Reached skill level 10 in Armour
 17924 | Lair:2   | Found a hole to the Spider Nest.
 18146 | Lair:2   | Noticed a skyshark
 18158 | Lair:2   | Killed a skyshark
 18159 | Lair:2   | Reached skill level 5 in Throwing
 18232 | Lair:2   | Reached skill level 10 in Shields
 18236 | Lair:2   | Gained mutation: You can hop long distances. [Barachi
                  | growth]
 18236 | Lair:2   | Reached XP level 13. HP: 78/111 MP: 17/17
 18251 | Lair:2   | Reached ****** piety under Cheibriados
 19420 | D:12     | Found Ypiheer's Antique Armour Boutique.
 19768 | D:12     | Bought a pair of runed gloves for 210 gold pieces
 19768 | D:12     | Bought a runed helmet for 210 gold pieces
 20776 | D:13     | Noticed Snorg
 20787 | D:13     | Killed Snorg
 20886 | D:13     | Found Piennag's CLEARANCE SALE!.
 20893 | D:13     | Bought a potion of might for 16 gold pieces
 20893 | D:13     | Bought a scroll of identify for 8 gold pieces
 21294 | D:13     | Noticed Nessos
 21679 | D:14     | Identified the +2 leather armour of the Fae Grue {rElec
                  | rPois Regen+}
 22037 | Abyss:2  | Cast into level 2 of the Abyss (a wizard)
 22093 | Abyss:2  | Reached XP level 14. HP: 26/121 MP: 19/19
 22175 | Abyss:2  | Reached skill level 15 in Fighting
 22328 | Abyss:2  | Found a corrupted altar of Lugonu.
 22424 | Abyss:2  | Reached skill level 15 in Long Blades
 22427 | Abyss:2  | Killed from afar by a wretched star

Illustrated notes

Levels and vault maps discovered:
D:1:      dpeg_arrival_signposts, layout_rooms, lexackson_kobold_supper
D:2:      kennysheep_big_flooded_room, layout_basic
D:3:      layout_loops_ring, mainiacjoe_overflow_small_starburst,
          cheibrodos_sewer_entry_sluice, chequers_ecumenical_altar_island,
          uniq_sigmund
D:4:      due_chaos_kobolds, layout_rooms, ashenzari_altar_1, elyvilon_altar_4
D:5:      lemuel_ratsnest, layout_cave_pools,
          mainiacjoe_overflow_concentric_impassable, serial_shops, shop, shop,
          shop, shop, minmay_starry_boxes
D:6:      layout_layer_cave, mainiacjoe_overflow_surrounded_room,
          jmf_multi_god_temple, minmay_temple_entry_poolview,
          hangedman_feature_mirror
D:7:      layout_basic, mainiacjoe_overflow_cross_hatched, roderic_lattice_a,
          minmay_shop_enchanted_jewellery, hangedman_decor_diamond_cutter,
          nicolae_stop_n_shop_1, nicolae_shop_sticking_my_neck_out
D:8:      layout_rooms
D:9:      layout_loops_cross, minmay_orc_entry_guard_dogs,
          lightli_bailey_entry_fortress, nicolae_shop_firing_range, uniq_maurice
D:10:     layout_stronghold, lemuel_crystal_altar,
          nicolae_trove_entry_path_of_doom, kennysheep_just_a_vault
D:11:     layout_roguey, erik_lair_dragon, minmay_parallelograms,
          hangedman_decor_clover_reticule
D:12:     layout_stronghold, serial_shops, nicolae_shop_overgrown_old_shop
D:13:     layout_gridville, nicolae_shop_clearance, uniq_snorg, uniq_nessos
D:14:     evilmike_iron_armoury, layout_rooms, skrybe_vaults_entry_preservation,
          nicolae_qazlal_eye_of_the_storm
Temple:   nicolae_temple_god_jail
Lair:1:   layout_layer_cave, gammafunk_ghost_berserking_beasts,
          infiniplex_staircase_pool_2, uniq_prince_ribbit2
Lair:2:   layout_roguey, hellmonk_spider_entry_life_and_decay,
          grunt_megastairs_2
Lair:3:   layout_gridlike, minmay_swamp_entry_worms, serial_bayou_shore_a,
          wad_woods_river_01, lemuel_fruit_tree
Orc:1:    layout_diamond_mine, serial_shops, shop, uniq_josephine
Orc:2:    st_orc_ogre_mass, layout_caves
Abyss:2:  base: D:4, evilmike_abyss_exit_11

Skill      XL: |  1  2  3  4  5  6  7  8  9 10 11 12 13 14 |
---------------+-------------------------------------------+-----
Fighting       | 4 5 6 8 10 11 13 14 15 | 15.1
Long Blades    | 3 4 5 6 8 10 11 13 14 15 | 15.0
Armour         | 4 5 6 7 8 10 | 10.4
Shields        | 4 5 6 7 10 | 10.1
Invocations    | 1 3 5 6 7 |  7.7
Transmutations | 3 |  3.6
Throwing       | 3 5 6 7 |  7.0

Action                     |  1- 3 |  4- 6 |  7- 9 | 10-12 | 13-15 || total
---------------------------+-------+-------+-------+-------+-------++-------
  Melee: Long sword        |   106 |   237 |   527 |       |       ||   870
         Short sword       |       |       |   165 |    18 |       ||   183
         Falchion          |       |       |       |   716 |   292 ||  1008
  Throw: Boomerang         |       |       |       |    89 |   172 ||   261
         Dart              |       |       |       |    12 |       ||    12
         Javelin           |       |       |       |    12 |       ||    12
         Throwing net      |       |       |       |     1 |       ||     1
 Invoke: Temporal Distorti |       |       |       |     1 |       ||     1
         Bend Time         |       |       |       |     2 |       ||     2
Ability: Hop               |       |       |     3 |     8 |     6 ||    17
  Evoke: Wand              |       |       |     1 |     9 |     2 ||    12
    Use: Potion            |       |     1 |     1 |    10 |     2 ||    14
         Scroll            |       |       |    13 |     5 |    12 ||    30
   Stab: Distracted        |       |       |     1 |     1 |     2 ||     4
         Sleeping          |       |       |       |     1 |       ||     1
 Armour: Scale mail        |    67 |   114 |     4 |       |       ||   185
         Chain mail        |       |       |   264 |   129 |       ||   393
         Acid dragon scale |       |       |       |    50 |    58 ||   108
  Dodge: Dodged            |    79 |    81 |   157 |   153 |    54 ||   524
  Block: Buckler           |    37 |    59 |   371 |   418 |   151 ||  1036
         Reflection        |       |       |     7 |    40 |    17 ||    64

Table legend: (Time is in decaauts)
 A = Elapsed time spent in this place.
 B = Non-inter-level travel time spent in this place.
 C = Inter-level travel time spent in this place.
 D = Time resting spent in this place.
 E = Time spent auto-exploring this place.
 F = Levels seen in this place.
 G = Mean time per level.
                   A        B        C        D        E       F      G
               +--------+--------+--------+--------+--------+-----+--------+
         Total |  32366 |  28194 |   4172 |   3769 |  19076 |  23 | 1407.2 |
       Dungeon |  23584 |  20176 |   3408 |   2737 |  13797 |  14 | 1684.6 |
        Temple |     78 |     49 |     29 |      0 |     30 |   1 |   78.0 |
          Lair |   6359 |   5752 |    607 |    625 |   4444 |   3 | 2119.7 |
  Orcish Mines |    654 |    527 |    127 |    103 |    234 |   2 |  327.0 |
         Abyss |    481 |    481 |      0 |    225 |      0 |   1 |  481.0 |
         Sewer |    546 |    546 |      0 |      0 |    240 |   1 |  546.0 |
        Bailey |    662 |    662 |      0 |     77 |    328 |   1 |  662.0 |
               +--------+--------+--------+--------+--------+-----+--------+

Top non-repeatable levels by time:
  Lair:1: 3773 daAuts
    D:11: 3345 daAuts
     D:9: 2923 daAuts
  Lair:2: 2449 daAuts
     D:6: 2372 daAuts
    D:12: 2337 daAuts
    D:10: 1977 daAuts
    D:13: 1946 daAuts
     D:5: 1507 daAuts
     D:7: 1481 daAuts
     D:1: 1157 daAuts
     D:8: 1134 daAuts
     D:2: 1089 daAuts
     D:4: 1011 daAuts
     D:3: 1004 daAuts
